 Dungeon Crawl Stone Soup version 0.29.0-4-gdea44cf6ec (webtiles) character file.

Game seed: 432211527219006726

2 qw the Sneak (level 1, -2/14 HPs)
             Began as a Gargoyle Delver on Sept 10, 2022.
             Slain by an orc
             ... wielding a +0 hand axe
              (5 damage)
             ... on level 4 of the Dungeon.
             The game lasted 00:00:04 (104 turns).

qw the Sneak (Gargoyle Delver)                       Turns: 104, Time: 00:00:04

Health: -2/14      AC:  5    Str: 15    XL:     1   Next: 40%
Magic:  1/1        EV: 11    Int: 10    God:
Gold:   19         SH:  0    Dex: 11    Spells: 0/0 levels left

rFire   . . .      SeeInvis .   a - +0 hand axe
rCold   . . .      Faith    .   (no shield)
rNeg    + . .      Spirit   .   b - +0 leather armour
rPois   inf        Reflect  .   (no helmet)
rElec   +          Harm     .   (no cloak)
rCorr   .          Rampage  .   (no gloves)
Will    .....                   (no boots)
Stlth   +++.......              (no amulet)
HPRegen 0.04/turn               (no ring)
MPRegen 0.07/turn               (no ring)

@: no status effects
A: sickness immunity, AC +2, negative energy resistance 1, electricity
resistance, torment resistance 1, petrification resistance
a: no special abilities


You were on level 4 of the Dungeon.
You visited 1 branch of the dungeon, and saw 2 of its levels.

You collected 19 gold pieces.


Innate Abilities, Weirdness & Mutations

You are immune to sickness and miasma.
Your stone body is resilient. (AC +2)
You are immune to poison.
You resist negative energy. (rN+)
You are resistant to electric shocks. (rElec)
You are resistant to unholy torment.
You are immune to petrification.


   Skills:
 - Level 3.2 Fighting
 + Level 2.0 Axes
 - Level 1.5 Dodging
 - Level 5.4 Stealth


You couldn't memorise any spells.
You didn't know any spells.
Your spell library was empty.

Inventory:

Hand Weapons
 a - a +0 hand axe (weapon)
Armour
 b - a +0 leather armour (worn)
Wands
 g - a wand of digging (3)
Potions
 f - a potion of haste

Dungeon Overview and Level Annotations

Branches:
Dungeon (5/15)
 Temple: D:4-7

Altars:


Message History

The jackal is heavily wounded.
The jackal bites you but does no damage. x2
You hit the jackal but do no damage.
The jackal is heavily wounded.
The jackal closely misses you.
You hit the jackal but do no damage.
The jackal is heavily wounded.
The jackal closely misses you. The jackal bites you.
You hit the jackal.
The jackal is severely wounded.
The jackal bites you. The jackal closely misses you.
You hit the jackal.
You kill the jackal!
The jackal barks!
An orc comes into view. It is wielding a +0 hand axe.
The jackal closely misses you.
You barely miss the jackal. The jackal bites you.
You miss the jackal.
The jackal bites you but does no damage.
The jackal barely misses you.
You barely miss the jackal.
The jackal bites you but does no damage.
The jackal misses you.
You closely miss the jackal. The jackal closely misses you.
You hit the jackal. You punch the jackal.
You kill the jackal!
Your Axes skill increases to level 2!
You hit the orc but do no damage. The orc hits you with a +0 hand axe.
You hit the orc but do no damage. The orc barely misses you.
You hit the orc.
The orc is heavily wounded.
The orc hits you with a +0 hand axe. x2
You hit the orc.
The orc is heavily wounded.
The orc hits you with a +0 hand axe.
You die...

### ... ##.# #<..#######
###.#.......#
......%@###.#
####...o.##.#
..........#.############
.###.....##.............
##...################
...## # .... # ##... #
#########


You could see an orc.

Vanquished Creatures
  2 jackals (D:4)
2 creatures vanquished.

Notes
Turn   | Place    | Note
-------+----------+-------------------------------------------
     0 | D:5      | qw the Gargoyle Delver began the quest for the Orb.
     0 | D:5      | Reached XP level 1. HP: 14/14 MP: 1/1
     0 | D:5      | 0 ||| qw: Version: 0.1-a-116-g5d60599
     0 | D:5      | 0 ||| qw: Game counter: 8009
     0 | D:5      | 0 ||| qw: Always use a shield: true
     0 | D:5      | 0 ||| qw: God list: Okawaru
     0 | D:5      | 0 ||| qw: Allow faded altars: false
     0 | D:5      | 0 ||| qw: Do Orc after D:15 true
     0 | D:5      | 0 ||| qw: Do second Lair branch before Depths: true
     0 | D:5      | 0 ||| qw: Lair rune preference: random
     0 | D:5      | 0 ||| qw: Plans: Normal
     0 | D:5      | 0 ||| PLANNING D:1-11
     1 | D:5      | 1 ||| DROPPING scroll of fog.
     2 | D:5      | 2 ||| DROPPING scroll of magic mapping.
     3 | D:5      | 3 ||| DROPPING scroll of fear.
   103 | D:4      | HP: 3/14 [orc/+0 hand axe (1)]
   104 | D:4      | Slain by an orc

Levels and vault maps discovered:
D:4:      layout_loops_ring, nicolae_qazlal_style_of_elements,
          amcnicky_altar_gilded, hangedman_abyss_or_decor_slice,
          hangedman_decor_slide_cut, minmay_mini_ossuary, uniq_duvessa
D:5:      layout_loops_ring, minmay_temple_entry_ruins, item_on_display_a

Skill      XL: |  1 |
---------------+----+-----
Axes           | 2 |  2.0
Fighting       | |  3.2
Dodging        | |  1.5
Stealth        | |  5.4

Action                   || total
-------------------------++-------
Melee: Hand axe          ||    16
       Punch             ||     1
Armor: Leather armour    ||     4
Dodge: Dodged            ||    10

Table legend:
 A = Non-vault XP
 B = Vault XP
 C = Vault XP percentage of total XP
 D = Non-vault monster count
 E = Vault monster count
 F = Vault count percentage of total count
                 A         B        C        D         E       F
            +---------+---------+-------+---------+---------+-------
      Total |       4 |       0 |   0.0 |       2 |       0 |   0.0
            +---------+---------+-------+---------+---------+-------
        D:4 |       4 |       0 |   0.0 |       2 |       0 |   0.0
            +---------+---------+-------+---------+---------+-------
